 Dungeon Crawl Stone Soup version 0.21-a0-522-ga8338f0 (webtiles) character file.

174 slep the Chopper (level 5, -2/39 HPs)
             Began as a Demonspawn Gladiator on Dec 6, 2017.
             Killed from afar by an orc wizard (7 damage)
             ... with a magic dart
             ... on level 3 of the Dungeon.
             The game lasted 00:04:47 (1439 turns).

slep the Chopper (Demonspawn Gladiator)             Turns: 1439, Time: 00:04:48

Health: -2/39      AC:  7    Str: 14    XL:     5   Next: 28%
Magic:  5/5        EV: 12    Int: 10    God:
Gold:   124        SH:  4    Dex: 15    Spells: 4/4 levels left

rFire    . . .     SeeInvis .   a - +0 war axe
rCold    . . .     Gourm    .   i - +0 buckler
rNeg     . . .     Faith    .   j - +3 leather armour
rPois    .         Spirit   .   q - +1 hat
rElec    .         Reflect  .   (no cloak)
rCorr    .         Harm     .   (no gloves)
MR       .....                  (no boots)
Stlth    +.........             (no amulet)
HPRegen  0.13/turn              (no ring)
MPRegen  0.09/turn              (no ring)

@: slowed, very slow
A: talons 1, spiny 2
a: no special abilities


You were on level 3 of the Dungeon.
You were hungry.

You visited 1 branch of the dungeon, and saw 3 of its levels.

You collected 124 gold pieces.

Inventory:

Hand Weapons
 a - a +0 war axe (weapon)
Missiles
 d - 3 throwing nets (quivered)
Armour
 b - a +0 leather armour
 c - a +0 helmet
 i - a +0 buckler (worn)
 j - a +3 leather armour (worn)
 q - a +1 hat (worn)
Scrolls
 e - 2 scrolls of teleportation {unknown}
 l - 2 scrolls of identify {unknown}
 m - a scroll of magic mapping {unknown}
 n - 3 scrolls of amnesia {unknown}
 o - a scroll of enchant armour {unknown}
 p - a scroll of random uselessness {unknown}
Potions
 h - a potion of heal wounds {unknown}
 k - a potion of flight {unknown}
 r - a potion of curing {unknown}
Comestibles
 f - 2 bread rations
 g - a royal jelly


   Skills:
 + Level 2.4 Fighting
 + Level 4.4 Axes
 + Level 1.9 Throwing
 + Level 1.2 Armour
 + Level 3.1 Dodging
 + Level 0.2 Stealth
 + Level 1.2 Shields


You had 4 spell levels left.
You didn't know any spells.

Dungeon Overview and Level Annotations

Branches:
Dungeon (3/15)

Altars:


Innate Abilities, Weirdness & Mutations

You have sharp toenails.
You are mostly covered in sharp spines.


Message History

You miss the orc wizard.
The orc wizard hits you but does no damage.
The orc priest closely misses you.
The orc wizard mumbles some strange words.
The orc wizard blinks!
The orc priest barely misses you.
You slash the orc priest!
You kill the orc priest!
The orc is struck by your spines. The orc barely misses you.
You hit the orc but do no damage. You claw the orc.
You kill the orc!
You barely miss the orc wizard. The orc wizard casts a spell at you.
The magic dart hits you!
* * * LOW HITPOINT WARNING * * *
The orc wizard hits you but does no damage.
You hit the orc wizard.
The orc wizard is severely wounded.
The orc wizard gestures at you while chanting.
The magic dart hits you!
You die...

#.........<.#
####.########
#.#####
###.#...#
#...#...#
###.#...#
#.#...#
####.#...#
#>...@o..#
######)..#
.[.# ...#
####


You could see an orc wizard.

Vanquished Creatures
  An orc priest (D:3)
  Terence (D:2)
  Natasha (twice) (D:2)
  2 adders (D:2)
  An ooze (D:1)
  A worm (D:2)
  2 dart slugs
  2 leopard geckos
  3 orcs (D:3)
  6 bats
  2 giant cockroaches
  2 goblins (D:1)
  7 hobgoblins
  3 frilled lizards
  3 kobolds
  4 rats
42 creatures vanquished.

Notes
Turn   | Place    | Note
-------+----------+-------------------------------------------
     0 | D:1      | slep the Demonspawn Gladiator began the quest for the Orb.
     0 | D:1      | Reached XP level 1. HP: 16/16 MP: 1/1
    62 | D:1      | Reached skill level 3 in Axes
    68 | D:1      | Gained mutation: You have sharp toenails. [demonic ancestry]
    68 | D:1      | Reached XP level 2. HP: 20/22 MP: 2/2
   299 | D:1      | Gained mutation: You are partially covered in sharp spines. [demonic ancestry]
   299 | D:1      | Reached XP level 3. HP: 27/27 MP: 3/3
   504 | D:2      | Reached skill level 1 in Armour
   762 | D:2      | Noticed Terence
   770 | D:2      | Killed Terence
   770 | D:2      | Gained mutation: You are mostly covered in sharp spines. [demonic ancestry]
   770 | D:2      | Reached XP level 4. HP: 27/34 MP: 4/4
   944 | D:2      | Noticed Natasha
   946 | D:2      | Killed Natasha
   946 | D:2      | Reached skill level 4 in Axes
  1090 | D:2      | Noticed Natasha
  1095 | D:2      | Killed Natasha
  1095 | D:2      | Reached skill level 1 in Shields
  1109 | D:2      | Reached XP level 5. HP: 31/39 MP: 5/5
  1439 | D:3      | Killed from afar by an orc wizard

Vault maps used:
D:1:      lightli_molten_gateway, minmay_cupped
D:2:      kennysheep_generic_room_2, uniq_natasha, uniq_terence
D:3:      led_sif_pool, grunt_temple_overflow_open, first_bread

Skill      XL: |  1  2  3  4 |
---------------+-------------+-----
Axes           | 3 4 |  4.4
Dodging        | 3 |  3.1
Armour         | 1 |  1.2
Shields        | 1 |  1.2
Fighting       | |  2.4
Throwing       | |  1.9
Stealth        | |  0.2

Action                   |  1- 3 |  4- 6 || total
-------------------------+-------+-------++-------
Melee: War axe           |    68 |    22 ||    90
       Kick              |     8 |     5 ||    13
 Stab: Sleeping          |     1 |     2 ||     3
  Eat: Chunk             |       |     1 ||     1
Armor: Leather armour    |    29 |     5 ||    34
Dodge: Dodged            |    47 |     8 ||    55
Block: Buckler           |     7 |     6 ||    13

Table legend:
 A = Spawn XP
 B = Non-spawn XP
 C = Spawn XP percentage of total XP
 D = Spawn monster count
 E = Non-spawn monster count
 F = Spawn count percentage of total count
 G = Total turns spent on level
                    A         B        C        D         E        F      G
               +---------+---------+-------+---------+---------+-------+---------
         Total |       0 |     249 |   0.0 |       0 |      42 |   0.0 |  1439
               +---------+---------+-------+---------+---------+-------+---------
           D:1 |       0 |      45 |   0.0 |       0 |      22 |   0.0 |   412
           D:2 |       0 |     153 |   0.0 |       0 |      15 |   0.0 |  1000
           D:3 |       0 |      51 |   0.0 |       0 |       5 |   0.0 |    27
               +---------+---------+-------+---------+---------+-------+---------
